 Dungeon Crawl Stone Soup version 0.30-a0-721-ga6a225cb13 (webtiles) character file.

Game seed: 4407802643067618689

12 M4edhros the Vexing (level 2, -1/18 HPs)
             Began as an Octopode Hexslinger on Jan 27, 2023.
             Slain by a worm (11 damage)
             ... on level 2 of the Dungeon.
             The game lasted 00:00:32 (273 turns).

M4edhros the Vexing (Octopode Hexslinger)            Turns: 273, Time: 00:00:32

Health: -1/18      AC:  1    Str:  9    XL:     2   Next: 33%
Magic:  1/3        EV: 13    Int: 15    God:
Gold:   18         SH:  0    Dex: 12    Spells: 2/3 levels left

rFire   . . .      SeeInvis .    a - +1 sling
rCold   . . .      Faith    .    (no shield)
rNeg    . . .      Spirit   .    (helmet restricted)
rPois   .          Reflect  .    (no amulet)
rElec   .          Harm     .    (no ring)
rCorr   .          Rampage  .    (no ring)
Will    .....                    (no ring)
Stlth   ++                       (no ring)
HPRegen 0.23/turn                (no ring)
MPRegen 0.08/turn                (no ring)
                                 (no ring)
                                 (no ring)

@: no status effects
A: almost no armour, amphibious, 8 rings, camouflage 1, gelatinous body 1,
(nimble swimmer 1), tentacles
a: no special abilities


You were on level 2 of the Dungeon.
You visited 1 branch of the dungeon, and saw 2 of its levels.

You collected 18 gold pieces.

Inventory:

Hand Weapons
 a - a +1 sling (weapon)
Scrolls
 b - a scroll of poison
 c - a scroll of acquirement {unknown}
 d - a scroll of blinking {unknown}
Potions
 e - a potion of might {unknown}


   Skills:
 - Level 1.0 Fighting
 + Level 2.9 Ranged Weapons
 - Level 2.0 Dodging
 - Level 1.0 Spellcasting
 - Level 3.0 Hexes


You had 2 spell levels left.
You knew the following spells:

 Your Spells              Type           Power      Damage    Failure   Level
a - Slow                  Hex            36%        N/A       7%          1

Your spell library contained the following spells:

 Spells                   Type           Power      Damage    Failure   Level
 Inner Flame              Hex/Fire       5%         N/A       36%         3
 Portal Projectile        Hex/Tloc       10%        N/A       36%         3
 Cause Fear               Hex            4%         N/A       56%         4


Dungeon Overview and Level Annotations

Branches:
Dungeon (2/15)

Altars:


Innate Abilities, Weirdness & Mutations

You cannot wear most types of armour.
You are amphibious.
You can wear up to eight rings at the same time.
Your skin changes colour to match your surroundings (Stealth+).
Your rubbery body absorbs attacks. (AC +1, EV +1)
((You are camouflaged when in or above water. (Stealth+)))
You have tentacles for arms and can constrict up to eight enemies at once.


Message History

Ouch! That really hurt!
You are too injured to fight recklessly!
You are too injured to fight recklessly!
You are too injured to fight recklessly!
You are too injured to fight recklessly!
You are too injured to fight recklessly!
There is an open door here.
You are too injured to fight recklessly!
Aiming: Slow (safe; 7% risk of failure)
Press: ? - help, Q - select action, (/) - cycle Shift-Dir - straight line, f - worm
Aim: a worm (chance to affect: 51%)
The worm resists with significant effort.
Aiming: Slow (safe; 7% risk of failure)
Press: ? - help, Q - select action, (/) - cycle Shift-Dir - straight line, f/p - worm
Aim: a worm (chance to affect: 51%)
The worm seems to slow down.
You are too injured to fight recklessly!
Fire: a) +1 sling
Press: ? - help, Q - select action, (/) - cycle Shift-Dir - straight line, f/p - worm
Aim: a worm (slow, 76% to hit)
You shoot a sling bullet. The sling bullet hits the worm!
The worm is heavily wounded.
Fire: a) +1 sling
Press: ? - help, Q - select action, (/) - cycle Shift-Dir - straight line, f/p - worm
Aim: a worm (heavily wounded, slow, 76% to hit)
You shoot a sling bullet.
The sling bullet completely misses the worm.
Fire: a) +1 sling
Press: ? - help, Q - select action, (/) - cycle Shift-Dir - straight line, f/p - worm
Aim: a worm (moderately wounded, slow, 76% to hit)
You shoot a sling bullet. The sling bullet hits the worm.
The worm is heavily wounded.
Fire: a) +1 sling
Press: ? - help, Q - select action, (/) - cycle Shift-Dir - straight line, f/p - worm
Aim: a worm (heavily wounded, slow, 76% to hit)
You shoot a sling bullet.
The sling bullet barely misses the worm.
The worm bites you!
Ouch! That really hurt!
You die...

#.## #..#
..##.#<## #..#
.$......#
#..##########
#..†.#
#..#......... #.#
#..#.........
##'###..'.........
#......##.....(...
#..(w..##.........
#....@.##...).....
+......##.<.......
#......##.).......
#......###########
#......# #......#
#......# ######..


You could see a worm (slow).

Vanquished Creatures
  4 ball pythons
  An endoplasm (D:1)
  A giant cockroach (D:2)
  2 goblins (D:1)
  A quokka (D:1)
  A frilled lizard (D:1)
  A kobold (D:2)
11 creatures vanquished.

Notes
Turn   | Place    | Note
-------+----------+-------------------------------------------
     0 | D:1      | M4edhros the Octopode Hexslinger began the quest for the
                  | Orb.
     0 | D:1      | Reached XP level 1. HP: 13/13 MP: 2/2
   184 | D:1      | Reached XP level 2. HP: 18/18 MP: 3/3
   273 | D:2      | Slain by a worm

Illustrated notes

Levels and vault maps discovered:
D:1:      minmay_arrival_jagged, layout_rooms, minmay_three_crescents
D:2:      minmay_angry_zag, layout_basic, serial_shops,
          nicolae_shop_window_shopping, uniq_sigmund

Action                     || total
---------------------------++-------
   Fire: Sling             ||    32
   Cast: Slow              ||     4
 Armour: Skin              ||     1
  Dodge: Dodged            ||    10

Table legend: (Time is in decaauts)
 A = Elapsed time spent in this place.
 B = Non-inter-level travel time spent in this place.
 C = Inter-level travel time spent in this place.
 D = Time resting spent in this place.
 E = Time spent auto-exploring this place.
 F = Levels seen in this place.
 G = Mean time per level.
                   A        B        C        D        E       F      G
               +--------+--------+--------+--------+--------+-----+--------+
         Total |    281 |    253 |     28 |      0 |    188 |   2 |  140.5 |
       Dungeon |    281 |    253 |     28 |      0 |    188 |   2 |  140.5 |
               +--------+--------+--------+--------+--------+-----+--------+

Top non-repeatable levels by time:
     D:1: 221 daAuts
     D:2: 60 daAuts
